 Dungeon Sprint DCSS version 0.30.0-29-ga12c61a403 (webtiles) character file.

Game seed: 8354008328205295723

204554 Groucho the Merry Spriggan (level 18, -25/116 HPs)
             Began as a Spriggan Hunter on June 11, 2023.
             Was the Champion of Qazlal.
             Killed from afar by a Hell Sentinel (51 damage)
             ... with damnation
             ... in the Dungeon (Sprint VII: "The Pits").
             The game lasted 00:58:18 (28904 turns).

Groucho the Merry Spriggan (Spriggan Hunter)       Turns: 28904, Time: 00:58:19

Health: -25/116    AC: 31    Str:  7    XL:     18   Next: 1%
Magic:  33/35      EV: 40    Int: 16    God:    Qazlal [******]
Gold:   211        SH:  8    Dex: 22    Spells: 27/39 levels left

rFire   + . .        R - +10 shortbow of the Freezing God {speed, rElec Int+4 Dex-3}
rCold   + + .        (shield currently unavailable)
rNeg    + + .        E - +8 acid dragon scales
rPois   .            G - +2 hat
rElec   +            H - +4 cloak
rCorr   +            (gloves unavailable)
SInv    +            (boots unavailable)
Will    ++++.        K - amulet of the Skies Above {Faith rF+ rC++ Slay+3 Stlth-}
Stlth   +            A - ring "Wamegy" {rN+ rCorr Str-2 Slay+5}
HPRegen 0.39/turn    L - ring of Tender Moments {rN+ Will+ AC+4 Str+2 Stlth+}
MPRegen 0.24/turn

%: no teleportation, repel missiles, faith
@: lethally poisoned (-25 -> -27), studying Polearms, very quick
A: very small, no large weapons, unfitting armour, see invisible, speed 3
}: 1/3 runes: silver
a: Renounce Religion, Upheaval, Elemental Force, Disaster Area


You were in the Dungeon.
You worshipped Qazlal.
Qazlal was exalted by your worship.
You visited 1 branch You collected 211 gold pieces.

Inventory:

Hand Weapons
 C - a +8 shortbow of electrocution
 R - the +10 shortbow of the Freezing God (weapon) {speed, rElec Int+4 Dex-3}
   (You found it in the Dungeon)

   Int:       It affects your intelligence (+4).
   Dex:       It affects your dexterity (-3).
   rElec:     It insulates you from electricity.
Missiles
 z - 13 poisoned darts
Armour
 E - +8 acid dragon scales (worn)
 F - a +4 robe of resistance
 G - a +2 hat (worn)
 H - a +4 cloak (worn)
Jewellery
 a - the amulet of Ishauxun {Spirit Rampage *Corrode +Inv Int-5}
   (You found it in the Dungeon)

   [amulet of guardian spirit]

   It causes incoming damage to be divided between your reserves of health and
   magic.
   Int:       It affects your intelligence (-5).
   +Inv:      It lets you turn invisible.
   *Corrode:  It may corrode you when you take damage.
   Rampage:   It bestows one free step when moving towards enemies.
 c - the ring "Juyledos" {Ice rPois}
   (You found it in the Dungeon)

   [ring of ice]

   It enhances your ice magic.
   rF:        It makes you vulnerable to fire.
   rC:        It protects you from cold.
   rPois:     It protects you from poison.
 o - a +3 ring of strength
 p - a +3 ring of intelligence
 w - a ring of fire
 y - a ring of willpower
 A - the ring "Wamegy" (left hand) {rN+ rCorr Str-2 Slay+5}
   (You found it in the Dungeon)

   [ring of positive energy]

   Str:       It affects your strength (-2).
   Slay:      It affects your accuracy & damage with ranged weapons and melee
   (+5).
   rN:        It protects you from negative energy.
   rCorr:     It protects you from acid and corrosion.
 I - the ring "Qaiqow" {Wiz Dex+3}
   (You found it in the Dungeon)

   [ring of wizardry]

   It improves your spell success rate.
   Dex:       It affects your dexterity (+3).
 J - the amulet "Iribbi" {Regen+ Int-4 Slay+6 SInv}
   (You found it in the Dungeon)

   [amulet of regeneration]

   Int:       It affects your intelligence (-4).
   Slay:      It affects your accuracy & damage with ranged weapons and melee
   (+6).
   SInv:      It lets you see invisible.
   Regen:     It increases your rate of health regeneration.
 K - the amulet of the Skies Above (around neck) {Faith rF+ rC++ Slay+3 Stlth-}
   (You found it in the Dungeon)

   [amulet of faith]

   It allows you to gain divine favour quickly.
   Slay:      It affects your accuracy & damage with ranged weapons and melee
   (+3).
   rF:        It protects you from fire.
   rC:        It greatly protects you from cold.
   Stlth:     It makes you less stealthy.
 L - the ring of Tender Moments (right hand) {rN+ Will+ AC+4 Str+2 Stlth+}
   (You found it in the Dungeon)

   [ring of protection]

   AC:        It affects your AC (+4).
   Str:       It affects your strength (+2).
   rN:        It protects you from negative energy.
   Will:      It increases your willpower.
   Stlth:     It makes you more stealthy.
 M - the ring of Tuor {Ice Str+5}
   (You found it in the Dungeon)

   [ring of ice]

   It enhances your ice magic.
   Str:       It affects your strength (+5).
   rF:        It makes you vulnerable to fire.
   rC:        It protects you from cold.
 O - the ring "Hupodghi" {Fly AC+4 Str+2 Int-3 Stlth+}
   (You took it off a merfolk in the Dungeon)

   [ring of protection]

   AC:        It affects your AC (+4).
   Str:       It affects your strength (+2).
   Int:       It affects your intelligence (-3).
   Fly:       It grants you flight.
   Stlth:     It makes you more stealthy.
 T - a ring of wizardry
 U - an amulet of magic regeneration
Wands
 m - a wand of flame (38)
 N - a wand of charming (14)
 P - a wand of iceblast (12)
 Q - a wand of mindburst (1)
Scrolls
 b - a scroll of immolation
 i - 6 scrolls of blinking
 k - 6 scrolls of amnesia
 l - a scroll of summoning
 q - 2 scrolls of fear
 t - 6 scrolls of identify
 u - 4 scrolls of fog
 v - 2 scrolls of enchant armour
 S - 5 scrolls of enchant weapon
 V - a scroll of silence
 W - a scroll of torment
 X - 2 scrolls of vulnerability
Potions
 d - 18 potions of curing
 f - 8 potions of haste
 g - 9 potions of magic
 h - 7 potions of berserk rage
 j - 2 potions of invisibility
 n - 7 potions of might
 r - 7 potions of mutation
 s - 8 potions of heal wounds
 x - a potion of cancellation
 B - 5 potions of brilliance
 D - 4 potions of resistance
 Y - a potion of lignification {unknown}
Miscellaneous
 e - the horn of Geryon


   Skills:
 + Level 21.6 Fighting
 O Level 27 Ranged Weapons
 * Level 19.8 Armour
 O Level 27 Dodging
 - Level 1.5 Stealth
 + Level 11.3 Spellcasting
 * Level 2.4 Conjurations
 + Level 11.3 Hexes
 * Level 18.6 Translocations
 + Level 25.1 Invocations
 O Level 27 Evocations


You had 27 spell levels left.
You knew the following spells:

 Your Spells              Type           Power      Damage    Failure   Level
a - Apportation           Tloc           100%       N/A       0%          1
b - Dazzling Flash        Conj/Hex       60%        N/A       1%          3
c - Iskenderun's Mystic   Conj/Tloc      42%        2d10      1%          4
d - Passage of Golubria   Tloc           62%        N/A       1%          4

Your spell library contained the following spells:

 Spells                   Type           Power      Damage    Failure   Level
 Slow                     Hex            100%       N/A       1%          1
 Confusing Touch          Hex            45%        N/A       1%          3
 Tukima's Dance           Hex            45%        N/A       1%          3
 Vhi's Electric Charge    Tloc/Air       76%        N/A       1%          3
 Volatile Blastmotes      Fire/Tloc      76%        2d16      1%          3
 Cause Fear               Hex            22%        N/A       1%          4
 Inner Flame              Hex/Fire       27%        N/A       3%          3
 Summon Guardian Golem    Hex/Summ       27%        N/A       3%          3
 Shock                    Conj/Air       48%        1d6       7%          1
 Static Discharge         Conj/Air       24%        2-3/arc   11%         2
 Anguish                  Hex/Necr       13%        N/A       11%         4
 Call Imp                 Summ           18%        N/A       17%         2
 Cigotuvi's Dreadful Rot  Necr/Pois/Air  18%        N/A       17%         2
 Sublimation of Blood     Necr           9%         N/A       17%         2
 Wereblood                Tmut           9%         N/A       17%         2
 Hailstorm                Conj/Ice       12%        3d5       21%         3
 Metabolic Englaciation   Hex/Ice        13%        N/A       30%         5
 Summon Mana Viper        Hex/Summ       27%        N/A       30%         5
 Yara's Violent Unravell  Hex/Tmut       13%        3d7       30%         5
 Vampiric Draining        Necr           9%         2d6       34%         3
 Enfeeble                 Hex            22%        N/A       67%         7
 Animate Armour           Summ/Erth      18%        N/A       75%         4
 Ice Form                 Ice/Tmut       9%         N/A       75%         4
 Olgreb's Toxic Radiance  Pois           9%         N/A       75%         4
 Petrify                  Tmut/Erth      9%         N/A       75%         4
 Summon Lightning Spire   Summ/Air       9%         N/A       75%         4
 Arcjolt                  Conj/Air       6%         1d16      88%         5
 Irradiate                Conj/Tmut      6%         3d13      88%         5
 Freezing Cloud           Conj/Ice/Air   5%         6-21      92%         5
 Agony                    Necr           9%         N/A       97%         5
 Alistair's Intoxication  Tmut/Pois      6%         N/A       97%         5
 Blade Hands              Tmut           4%         N/A       97%         5
 Lee's Rapid Deconstruct  Erth           4%         3d5*      97%         5
 Eringya's Noxious Bog    Tmut/Pois      4%         N/A       100%        6
 Plasma Beam              Fire/Air       4%         2x1d16    100%        6
 Simulacrum               Ice/Necr       4%         N/A       100%        6
 Starburst                Conj/Fire      6%         6d4       100%        6
 Statue Form              Tmut/Erth      6%         N/A       100%        6
 Haunt                    Necr/Summ      4%         N/A       100%        7
 Monstrous Menagerie      Summ           4%         N/A       100%        7
 Orb of Destruction       Conj           8%         9d6       100%        7
 Spellforged Servitor     Conj/Summ      6%         N/A       100%        7
 Summon Hydra             Summ           4%         N/A       100%        7
 Discord                  Hex            22%        N/A       100%        8
 Ignition                 Fire           4%         3d4       100%        8


Dungeon Overview and Level Annotations

Branches:
Dungeon (1/1)

Altars:
Ashenzari
Cheibriados
Dithmenos
Elyvilon
Fedhas
Gozag
Hepliaklqana
Kikubaaqudgha
Makhleb
Nemelex Xobeh
Okawaru
Qazlal
Ru
Sif Muna
Trog
Uskayaw
Vehumet
Wu Jian
Xom
Yredelemnul
Zin
The Shining One
Jiyva
Lugonu


Innate Abilities, Weirdness & Mutations

You are very small and have problems with some larger weapons.
You are too small for most types of armour.
You have supernaturally acute eyesight. (SInv)
You cover ground extremely quickly. (Speed+++)


Message History

You shoot an arrow. The arrow hits the Hell Sentinel!
The Hell Sentinel is severely wounded.
You feel sick.
Fire: R) +10 shortbow of the Freezing God {speed, rElec Int+4 Dex-3}
Press: ? - help, Q - select action, (/) - cycle Shift-Dir - straight line, f/p - Hell Sentinel
Aim: a Hell Sentinel (severely wounded, 93% to hit)
You shoot an arrow.
The arrow completely misses the Hell Sentinel.
The Hell Sentinel gestures at you.
The sphere of damnation explodes!
The damnation engulfs you!!
The damnation engulfs the Hell Sentinel.
The Hell Sentinel completely resists.
Fire: R) +10 shortbow of the Freezing God {speed, rElec Int+4 Dex-3}
Press: ? - help, Q - select action, (/) - cycle Shift-Dir - straight line, f/p - Hell Sentinel
Aim: a Hell Sentinel (severely wounded, 93% to hit)
You shoot an arrow. The arrow hits the Hell Sentinel!!
The Hell Sentinel is severely wounded.
You feel sick.
Fire: R) +10 shortbow of the Freezing God {speed, rElec Int+4 Dex-3}
Press: ? - help, Q - select action, (/) - cycle Shift-Dir - straight line, f/p - Hell Sentinel
Aim: a Hell Sentinel (severely wounded, 93% to hit)
You shoot an arrow.
The arrow hits the Hell Sentinel but does no damage.
The Hell Sentinel is severely wounded.
The Hell Sentinel gestures at you.
The sphere of damnation explodes!
The damnation engulfs you!!!
* * * LOW HITPOINT WARNING * * *
The damnation engulfs the Hell Sentinel.
The Hell Sentinel completely resists.
Fire: R) +10 shortbow of the Freezing God {speed, rElec Int+4 Dex-3}
Press: ? - help, Q - select action, (/) - cycle Shift-Dir - straight line, f/p - Hell Sentinel
Aim: a Hell Sentinel (sparse dust, severely wounded, 93% to hit)
You shoot an arrow. The arrow hits the Hell Sentinel.
The Hell Sentinel is severely wounded.
You feel sick.
Unknown command.
You feel much better.
You feel sick. The Hell Sentinel gestures at you.
The sphere of damnation explodes!
The damnation engulfs you!!!
You die...

########### ####
#.'.'.#)@.#
#.'####)###'###1#
#'#.÷#')'##.'#'.'#
#.###)###.###.###.###
##†.###.###.###.###.###+#
#..)'...'...'...'...##.##
##'.##'.##'.##).##).##..)#
#.###)###)###.###.##')...#
### ### ### ## ## ####.##


You could see a Hell Sentinel.

Vanquished Creatures
  3 ancient liches (D)
  A royal mummy (D)
  Margery (D)
  Frederick (D)
  the Lernaean hydra (D)
  Geryon (D)
  A golden dragon (D)
  A bone dragon (D)
  A profane servitor (D)
  A Brimstone Fiend (D)
  An electric golem (D)
  A tentacled monstrosity (D)
  Rupert (D)
  3 Ice Fiends (D)
  A quicksilver dragon (shapeshifter) (D)
  A quicksilver dragon (D)
  2 deep elf master archers (D)
  5 titans (D)
  3 sphinxes (D)
  2 Executioners (D)
  3 death cobs (D)
  2 storm dragons (D)
  2 shadow dragons (D)
  Donald (D)
  2 daevas (D)
  2 draconian monks (D)
  3 pandemonium lords (D)
  3 azure jellies (D)
  2 fire giants (D)
  4 nagarajas (D)
  2 draconian knights (D)
  4 draconian scorchers (D)
  An iron dragon (D)
  Louise (D)
  2 frost giants (D)
  3 deep elf sorcerers (D)
  2 balrugs (D)
  A ghost moth (D)
  3 ghouls (D)
  An angel (D)
  2 orc warlords (D)
  4 draconian stormcallers (D)
  2 reapers (D)
  An ophan (D)
  A lorocyproca (D)
  4 apis (D)
  A deep elf annihilator (D)
  3 deep elf demonologists (D)
  2 yellow draconians (D)
  4 purple draconians (D)
  A red draconian (D)
  2 deep elf death magi (D)
  4 green deaths (D)
  2 eidola (D)
  3 blizzard demons (D)
  Snorg (D)
  A fire dragon (D)
  Josephine (D)
  A merfolk javelineer (D)
  2 ice dragons (D)
  3 hell beasts (D)
  A great orb of eyes (D)
  A yaktaur captain (D)
  A spriggan air mage (D)
  A hydra (D)
  19 vault guards (D)
  A rakshasa (D)
  A death knight (D)
  2 merfolk aquamancers (D)
  2 ogre magi (D)
  An alligator snapping turtle (D)
  A dancing weapon (D)
  3 two-headed ogres (D)
  A merfolk avatar (D)
  A deep troll shaman (D)
  A catoblepas (D)
  2 naga warriors (D)
  3 death yaks (D)
  A soul eater (D)
  3 iron trolls (D)
  16 hell knights (D)
  A fire crab (D)
  A flayed ghost (D)
  A sea snake (D)
  A spriggan druid (D)
  A cherub (D)
  3 bog bodies (D)
  13 wizards (D)
  5 necromancers (D)
  12 orc knights (D)
  2 wolf spiders (D)
  2 phantasmal warriors (D)
  A lindwurm (D)
  A cyclops (D)
  2 manticores (D)
  5 elephants (D)
  An ugly thing (D)
  A guardian serpent (D)
  Maurice (D)
  A naga mage (D)
  3 rust devils (D)
  2 demonic crawlers (D)
  A rime drake (D)
  Psyche (D)
  3 kobold demonologists (D)
  3 tormentors (D)
  2 yaktaurs (D)
  A komodo dragon (D)
  2 guardian mummies (D)
  3 ice devils (D)
  5 merfolk (D)
  A wandering mushroom (D)
  A troll (D)
  A tarantella (D)
  A red devil (D)
  4 blink frogs (D)
  3 hornets (D)
  4 dream sheep (D)
  A snapping turtle (D)
  3 spriggans (D)
  A jumping spider (D)
  3 shadows (D)
  6 water elementals (D)
  3 wraiths (D)
  3 fire elementals (D)
  4 yaks (D)
  A fire bat (D)
  A basilisk (D)
  11 humans (D)
  2 chaos spawn (D)
  2 redbacks (D)
  2 neqoxecs (D)
  3 wargs (D)
  An acid dragon (D)
  A large abomination (D)
  A floating eye (D)
  A water moccasin (D)
  An ice beast (D)
  An orc warrior (D)
  A sky beast (D)
  A swamp drake (D)
  4 ogres (D)
  A centaur (D)
  A kobold brigand (D)
  2 necrophages (D)
  An earth elemental (D)
  3 wights (D)
  A crimson imp (D)
  A hound (D)
  2 orc priests (D)
  Terence (D)
  A hell rat (D)
  A gnoll (D)
  An adder zombie (D)
  An adder simulacrum (D)
  4 orcs (D)
  2 bat simulacra (D)
  A bat skeleton (D)
  A bat zombie (D)
  A giant cockroach (D)
  2 hobgoblins (D)
  2 jackals (D)
  7 kobolds (D)
  A ball python (D)
  A ball python zombie (D)
  A bat (D)
  4 frilled lizards (D)
  A rat (D)
382 creatures vanquished.

Vanquished Creatures (collateral kills)
  A titan (D)
  A balrug (D)
  A spriggan air mage (D)
  A spriggan berserker (D)
4 creatures vanquished.

Vanquished Creatures (others)
  A ghoul (D)
1 creature vanquished.

Grand Total: 387 creatures vanquished

Notes
Turn   | Place    | Note
-------+----------+-------------------------------------------
     0 | D        | Groucho the Spriggan Hunter began the quest for the Orb.
     0 | D        | Reached XP level 1. HP: 10/10 MP: 2/2
    49 | D        | Found a bloodstained altar of Trog.
    49 | D        | Found a shimmering blue altar of Sif Muna.
    49 | D        | Found a viscous altar of Jiyva.
    49 | D        | Found a hazy altar of Hepliaklqana.
    49 | D        | Found an opulent altar of Gozag.
    50 | D        | Found a glowing golden altar of the Shining One.
    50 | D        | Found a glowing silver altar of Zin.
    50 | D        | Found a basalt altar of Yredelemnul.
    50 | D        | Found a shimmering altar of Xom.
    50 | D        | Found an ornate altar of the Wu Jian Council.
    50 | D        | Found a sacrificial altar of Ru.
    50 | D        | Found a stormy altar of Qazlal.
    50 | D        | Found an iron altar of Okawaru.
    50 | D        | Found a sparkling altar of Nemelex Xobeh.
    50 | D        | Found a burning altar of Makhleb.
    50 | D        | Found a blossoming altar of Fedhas.
    50 | D        | Found a white marble altar of Elyvilon.
    50 | D        | Found a shadowy altar of Dithmenos.
    50 | D        | Found a snail-covered altar of Cheibriados.
    52 | D        | Found a radiant altar of Vehumet.
    52 | D        | Found a corrupted altar of Lugonu.
    53 | D        | Found a hide-covered altar of Uskayaw.
    53 | D        | Found an ancient bone altar of Kikubaaqudgha.
    53 | D        | Found a broken altar of Ashenzari.
    57 | D        | Became a worshipper of Qazlal Stormbringer
    90 | D        | Reached * piety under Qazlal
   220 | D        | Noticed a wight
   224 | D        | Reached ** piety under Qazlal
   240 | D        | Killed a wight
   241 | D        | Reached skill level 5 in Dodging
   241 | D        | Reached XP level 2. HP: 16/16 MP: 3/5
   241 | D        | Reached XP level 3. HP: 20/20 MP: 3/6
   522 | D        | Noticed a wight
   522 | D        | Noticed a wight
   522 | D        | Noticed a floating eye
   531 | D        | Killed a floating eye
   532 | D        | Reached XP level 4. HP: 25/25 MP: 3/8
   532 | D        | Reached XP level 5. HP: 29/29 MP: 3/9
   581 | D        | Reached *** piety under Qazlal
   582 | D        | Reached skill level 5 in Invocations
   630 | D        | Noticed a fire bat
   637 | D        | Noticed a water moccasin
   658 | D        | Reached XP level 6. HP: 20/35 MP: 10/10
   664 | D        | Killed a fire bat
   664 | D        | Reached **** piety under Qazlal
   665 | D        | Reached skill level 5 in Fighting
   665 | D        | Reached skill level 10 in Ranged Weapons
   685 | D        | Killed a water moccasin
   900 | D        | Noticed Terence
   903 | D        | Killed Terence
   904 | D        | Reached XP level 7. HP: 39/39 MP: 12/12
   974 | D        | Reached ***** piety under Qazlal
   979 | D        | Noticed a blink frog
  1004 | D        | Killed a blink frog
  1005 | D        | Reached skill level 10 in Dodging
  1029 | D        | HP: 2/41 [warg (12)]
  1054 | D        | Reached XP level 8. HP: 26/45 MP: 14/14
  1373 | D        | Noticed a cyclops
  1374 | D        | Noticed Maurice
  1413 | D        | Killed Maurice
  1436 | D        | Killed a cyclops
  1600 | D        | Noticed an elephant
  1600 | D        | Noticed a dream sheep
  1600 | D        | Noticed a dream sheep
  1600 | D        | Noticed a dream sheep
  1600 | D        | Noticed a dream sheep
  1627 | D        | Killed a dream sheep
  1627 | D        | Reached ****** piety under Qazlal
  1628 | D        | Reached XP level 9. HP: 51/51 MP: 16/16
  1674 | D        | Killed an elephant
  2110 | D        | Noticed a manticore
  2125 | D        | Noticed an elephant
  2152 | D        | Killed a manticore
  2153 | D        | Reached skill level 10 in Invocations
  2163 | D        | Killed an elephant
  2164 | D        | Reached skill level 15 in Ranged Weapons
  2177 | D        | Reached XP level 10. HP: 38/58 MP: 18/18
  3245 | D        | Reached skill level 15 in Dodging
  3259 | D        | Reached skill level 10 in Fighting
  3670 | D        | Noticed a seven-headed hydra
  3743 | D        | Killed a seven-headed hydra
  4054 | D        | Noticed a great orb of eyes
  4057 | D        | Noticed a two-headed ogre
  4057 | D        | Noticed a flayed ghost
  4073 | D        | Killed a two-headed ogre
  4077 | D        | Killed a flayed ghost
  4078 | D        | Reached XP level 11. HP: 64/64 MP: 10/21
  4088 | D        | Killed a great orb of eyes
  4131 | D        | Noticed a soul eater
  4160 | D        | Noticed an ogre mage
  4165 | D        | Noticed a two-headed ogre
  4170 | D        | Noticed a two-headed ogre
  4220 | D        | Killed a two-headed ogre
  4232 | D        | Killed an ogre mage
  4241 | D        | Killed a two-headed ogre
  4739 | D        | Noticed a merfolk javelineer
  4740 | D        | Noticed a phantasmal warrior
  4740 | D        | Noticed a lindwurm
  4740 | D        | Noticed Josephine
  4744 | D        | Noticed a wizard
  4747 | D        | Killed Josephine
  4747 | D        | Killed a lindwurm
  4747 | D        | Killed a phantasmal warrior
  4910 | D        | Killed a merfolk javelineer
  5306 | D        | Killed a wizard
  5307 | D        | Reached XP level 12. HP: 71/71 MP: 23/23
  6139 | D        | Noticed a merfolk avatar
  6165 | D        | Killed a merfolk avatar
  6475 | D        | Noticed Psyche
  6483 | D        | Killed Psyche
  7675 | D        | Noticed an orc warlord
  7676 | D        | Noticed an orc warlord
  7763 | D        | Killed an orc warlord
  8560 | D        | Reached skill level 15 in Invocations
  8863 | D        | Noticed a vault guard
  8863 | D        | Noticed a vault guard
  8922 | D        | Killed a vault guard
  8979 | D        | Killed a vault guard
  9192 | D        | Noticed a catoblepas
  9197 | D        | Noticed a yaktaur captain
  9219 | D        | Killed a catoblepas
  9237 | D        | Killed a yaktaur captain
  9726 | D        | Reached XP level 13. HP: 77/77 MP: 18/25
  9728 | D        | Killed an orc warlord
 11783 | D        | Noticed a green draconian monk
 11783 | D        | Noticed a red draconian scorcher
 11808 | D        | Killed a green draconian monk
 12063 | D        | Noticed a fire giant
 12068 | D        | Killed a fire giant
 12143 | D        | Noticed an Executioner
 12146 | D        | Killed an Executioner
 12257 | D        | Noticed a golden dragon
 12265 | D        | Killed a golden dragon
 12305 | D        | Noticed an ancient lich
 12330 | D        | Killed an ancient lich
 12787 | D        | Noticed a quicksilver dragon
 12804 | D        | Killed a quicksilver dragon
 13131 | D        | Noticed a fire giant
 13134 | D        | Killed a fire giant
 13229 | D        | Killed a red draconian scorcher
 13725 | D        | Noticed a purple draconian
 13725 | D        | Noticed a blizzard demon
 13743 | D        | Killed a purple draconian
 13824 | D        | Noticed Geryon
 14042 | D        | Noticed a blizzard demon
 14050 | D        | HP: 2/79 [blizzard demon/the air (17)]
 14450 | D        | Noticed an apis
 14468 | D        | Killed an apis
 14469 | D        | Reached skill level 15 in Fighting
 14661 | D        | Killed a blizzard demon
 14791 | D        | Killed a blizzard demon
 15415 | D        | Noticed a green death
 15421 | D        | Killed a green death
 15468 | D        | Reached XP level 14. HP: 44/86 MP: 27/27
 15965 | D        | Noticed a black draconian knight
 16005 | D        | Killed a black draconian knight
 16762 | D        | Killed Geryon
 17191 | D        | Reached skill level 1 in Evocations
 17550 | D        | Noticed a frost giant
 17579 | D        | Reached skill level 1 in Armour
 17579 | D        | Killed a frost giant
 17601 | D        | Reached skill level 5 in Evocations
 18081 | D        | Noticed a titan
 18087 | D        | Killed a titan
 18101 | D        | Noticed a balrug
 18109 | D        | Noticed a red draconian scorcher
 18111 | D        | Killed a balrug
 18111 | D        | Noticed a titan
 18112 | D        | Noticed a frost giant
 18114 | D        | Killed a red draconian scorcher
 18115 | D        | Noticed a white draconian stormcaller
 18158 | D        | Killed a titan
 18322 | D        | Noticed a shadow dragon
 18342 | D        | Killed a shadow dragon
 18343 | D        | Reached skill level 10 in Evocations
 18665 | D        | Noticed a daeva
 18667 | D        | Noticed a ghost moth
 18690 | D        | Killed a ghost moth
 18690 | D        | Killed a white draconian stormcaller
 18709 | D        | Killed a daeva
 18980 | D        | Noticed a red draconian scorcher
 18991 | D        | Killed a red draconian scorcher
 19193 | D        | Noticed a tentacled monstrosity
 19226 | D        | Killed a tentacled monstrosity
 19251 | D        | Noticed a shadow dragon
 19271 | D        | Killed a shadow dragon
 19272 | D        | Reached skill level 5 in Armour
 19280 | D        | Noticed an iron dragon
 19326 | D        | Killed an iron dragon
 19929 | D        | Noticed an azure jelly
 19966 | D        | Killed an azure jelly
 20078 | D        | Got the amulet of Ishauxun {Spirit Rampage *Corrode +Inv
                  | Int-5}
 20080 | D        | Got the ring "Juyledos" {Ice rPois}
 20082 | D        | Got the ring "Wamegy" {rN+ rCorr Str-2 Slay+5}
 20084 | D        | Got the ring "Qaiqow" {Wiz Dex+3}
 20086 | D        | Got the amulet "Iribbi" {Regen+ Int-4 Slay+6 SInv}
 20088 | D        | Got the amulet of the Skies Above {Faith rF+ rC++ Slay+3
                  | Stlth-}
 20090 | D        | Got the ring of Tender Moments {rN+ Will+ AC+4 Str+2
                  | Stlth+}
 20092 | D        | Got the ring of Tuor {Ice Str+5}
 20148 | D        | Killed a frost giant
 20270 | D        | Noticed a nagaraja
 20273 | D        | Killed a nagaraja
 20274 | D        | Reached XP level 15. HP: 93/93 MP: 19/29
 20286 | D        | Got the Spellbook of Meteoric Silt
 20401 | D        | Noticed a bone dragon
 20404 | D        | Noticed Donald
 20414 | D        | Noticed Snorg
 20415 | D        | Killed Donald
 20416 | D        | Reached skill level 15 in Evocations
 20421 | D        | Identified the +4 mace "Okhlosezo" {vamp, rElec Will+} (You
                  | took it off a merfolk aquamancer in the Dungeon)
 20421 | D        | Identified the ring "Hupodghi" {Fly AC+4 Str+2 Int-3
                  | Stlth+}
 20423 | D        | Killed Snorg
 20435 | D        | Killed a bone dragon
 20732 | D        | Noticed a deep elf sorcerer
 20738 | D        | Killed a deep elf sorcerer
 20739 | D        | Noticed a deep elf sorcerer
 20742 | D        | Noticed a black draconian knight
 20748 | D        | Killed a deep elf sorcerer
 20752 | D        | Killed a black draconian knight
 20753 | D        | Noticed a nagaraja
 20756 | D        | Noticed a nagaraja
 20759 | D        | Killed a nagaraja
 20765 | D        | Killed a nagaraja
 20803 | D        | Noticed a sphinx
 20814 | D        | Killed a sphinx
 20830 | D        | Noticed a nagaraja
 20836 | D        | Killed a nagaraja
 20863 | D        | Noticed an ancient lich
 20897 | D        | Killed an ancient lich
 20898 | D        | Reached skill level 10 in Armour
 21087 | D        | Noticed a sphinx
 21097 | D        | Killed a sphinx
 21509 | D        | Noticed a deep elf sorcerer
 21516 | D        | Killed a deep elf sorcerer
 21523 | D        | Got Hureim's Opusculum on Spectral Pollution
 21538 | D        | Got the Parchment of Spellbinding and the Comitatus
 21540 | D        | Got the Vademecum on the Retinue
 21553 | D        | Noticed a sphinx
 21561 | D        | Killed a sphinx
 21578 | D        | Got the Incunable of Transfiguration
 21587 | D        | Got the Disquisition on Damaging Charms
 21658 | D        | Got the amulet "Uruschau" {Faith rCorr}
 21661 | D        | Got the amulet of Paycamyi {Fly rPois Regen+ Dex-5 SInv}
 21664 | D        | Got the amulet "Vewkych" {Spirit Will+ Slay+3}
 21667 | D        | Got the ring "Gucid" {rElec Str+3 Int+3 Dex+2 Slay+5}
 21670 | D        | Got the ring "Gateruto" {rPois AC+4}
 21673 | D        | Got the ring "Faarot" {Ice Drain rN+++ Will+++ MP-9}
 21676 | D        | Got the amulet of Life {RegenMP +Inv rC+}
 21679 | D        | Got the amulet of the Hart {Faith rC++ Will+ Regen+ Slay-6}
 21682 | D        | Got the amulet "Tiag" {Faith Dex+8}
 21685 | D        | Got the amulet "Qimifealon" {RegenMP Dex+3 Stlth+}
 21688 | D        | Got the ring "Upup" {Str+3 Int+6}
 21691 | D        | Got the amulet "Seorroff" {Faith Will+ Dex+2}
 21694 | D        | Got the amulet "Kotod" {Reflect Str+2 Int+3 Dex+3 SH+5}
 21711 | D        | Got the ring of Kinefaant {*Slow rElec rPois Will+ Int+2
                  | Dex+6}
 21714 | D        | Got the ring "Oderr" {Ice Str+7 Int+2 Dex-3}
 21717 | D        | Got the ring "Ucididoz" {Ice rCorr Slay+5}
 21720 | D        | Got the ring "Noafoc" {rC+ Str-3 Int+4 Dex+6}
 21723 | D        | Got the ring "Xoruttu" {Int+2 SInv}
 21726 | D        | Got the ring of Tadun {+Blink Will+ SInv}
 21729 | D        | Got the ring "Gifuledgh" {Str+3 Int+6}
 21732 | D        | Got the ring of Riwuv {Int+6 Dex+2}
 21735 | D        | Got the ring "Makoibedgh" {Contam rC+ Will+ Int+3}
 21738 | D        | Got the ring "Qoceba" {rC+ EV+6}
 21741 | D        | Got the ring "Usibre" {Ice rElec Slay+2}
 21744 | D        | Got the ring of Taoraem Nauf {rElec rN++ Will+ Int-3 SInv}
 21747 | D        | Got the ring "Etzutsua" {Int+6 Dex+4}
 21783 | D        | Noticed a titan
 21794 | D        | Killed a titan
 21795 | D        | Reached XP level 16. HP: 71/100 MP: 31/31
 22064 | D        | Noticed a death cob
 22065 | D        | Noticed a death cob
 22065 | D        | Noticed a titan
 22071 | D        | Killed a death cob
 22078 | D        | Killed a death cob
 22092 | D        | Killed a titan
 22093 | D        | Reached skill level 27 in Ranged Weapons
 22555 | D        | Noticed a death cob
 22558 | D        | Noticed a storm dragon
 22561 | D        | Killed a death cob
 22566 | D        | Noticed a storm dragon
 22567 | D        | Killed a storm dragon
 22568 | D        | Reached skill level 27 in Dodging
 22580 | D        | Killed a storm dragon
 23978 | D        | Noticed a profane servitor
 23979 | D        | Noticed a deep elf master archer
 23982 | D        | Killed a deep elf master archer
 23985 | D        | Killed a profane servitor
 24058 | D        | Got the +10 shortbow of the Freezing God {speed, rElec
                  | Int+4 Dex-3}
 24203 | D        | Found the +0 pair of fencer's gloves {Riposte Dex+3}
 24203 | D        | Identified the +0 leather armour "Okiypt Ketixt" {Rampage
                  | rN+ Will+ Int-3}
 24203 | D        | Noticed Rupert
 24204 | D        | Killed Rupert
 24205 | D        | Reached skill level 27 in Evocations
 24205 | D        | Reached XP level 17. HP: 108/108 MP: 24/33
 24582 | D        | Got Rutivyno's Papyrus of the Allied Cumulonimbus
 24594 | D        | Got a silver rune of Zot
 24725 | D        | Learned a level 1 spell: Apportation
 24729 | D        | Learned a level 3 spell: Dazzling Flash
 24734 | D        | Learned a level 4 spell: Iskenderun's Mystic Blast
 24824 | D        | Reached skill level 1 in Spellcasting
 24824 | D        | Reached skill level 1 in Hexes
 24826 | D        | Noticed a Brimstone Fiend
 24839 | D        | Killed a Brimstone Fiend
 24846 | D        | Reached skill level 5 in Translocations
 24955 | D        | Noticed an Ice Fiend
 24960 | D        | Killed an Ice Fiend
 24963 | D        | Noticed an ancient lich
 24978 | D        | Killed an ancient lich
 24984 | D        | Learned a level 4 spell: Passage of Golubria
 24986 | D        | Noticed a titan
 24986 | D        | Noticed an Ice Fiend
 24986 | D        | Noticed Margery
 24989 | D        | Killed a titan
 24990 | D        | Reached skill level 5 in Spellcasting
 24990 | D        | Reached skill level 5 in Hexes
 24992 | D        | Killed an Ice Fiend
 24993 | D        | Reached skill level 10 in Translocations
 24996 | D        | Killed Margery
 25818 | D        | Noticed the 27-headed Lernaean hydra
 25832 | D        | Killed the 27-headed Lernaean hydra
 26062 | D        | Noticed Louise
 26073 | D        | Killed Louise
 26080 | D        | Noticed Veefuga the pandemonium lord
 26099 | D        | Killed Veefuga the pandemonium lord
 26598 | D        | Noticed a deep elf master archer
 26607 | D        | Killed a deep elf master archer
 26613 | D        | Noticed a royal mummy
 26634 | D        | Killed a royal mummy
 27440 | D        | Noticed a titan
 27448 | D        | Killed a titan
 27449 | D        | Reached skill level 15 in Translocations
 27459 | D        | Noticed Roiss the pandemonium lord
 27524 | D        | Killed Roiss the pandemonium lord
 27730 | D        | Noticed Frederick
 27752 | D        | Killed Frederick
 27753 | D        | Reached skill level 10 in Spellcasting
 27753 | D        | Reached skill level 10 in Hexes
 27754 | D        | Noticed Ujeacka the pandemonium lord
 27758 | D        | Noticed an electric golem
 27764 | D        | Killed Ujeacka the pandemonium lord
 27778 | D        | Killed an electric golem
 28074 | D        | Noticed an iron giant
 28077 | D        | an iron giant changed into a shadow dragon
 28079 | D        | a shadow dragon changed into a quicksilver dragon
 28079 | D        | Noticed a quicksilver dragon (glowing shapeshifter)
 28081 | D        | Killed a quicksilver dragon
 28450 | D        | Reached skill level 1 in Conjurations
 28451 | D        | Noticed an Ice Fiend
 28461 | D        | Killed an Ice Fiend
 28884 | D        | Noticed a Hell Sentinel
 28891 | D        | Reached XP level 18. HP: 74/116 MP: 31/35
 28902 | D        | HP: 4/116 [Hell Sentinel/damnation (41)]
 28904 | D        | Killed from afar by a Hell Sentinel

Illustrated notes

Levels and vault maps discovered:
D:        pitsprint [storerooms_1, entrance_room_1, metal_vault_4, armoury_2,
          mini_pit_1, grid_room_1, main_hall_1, silver_pit, the_coven_3,
          the_vestibule_1, steel_vault_4, golden_pit, hallway_of_sentries,
          crystal_vault_1, iron_vault_3, final_vault]

Skill      XL: |  1  2  3  4  5  6  7  8  9 10 11 12 13 14 15 16 17 |
---------------+----------------------------------------------------+-----
Dodging        | 5 6 7 9 10 12 13 15 18 20 22 24 26 27 | 27.0
Fighting       | 3 4 5 6 8 9 10 12 13 15 16 18 20 21 | 21.6
Ranged Weapons | 6 7 9 10 12 13 15 17 19 21 24 25 26 27 | 27.0
Invocations    | 2 4 5 6 7 9 10 12 13 15 17 19 20 23 25 | 25.1
Evocations     | 13 20 27 | 27.0
Armour         | 6 11 16 19 | 19.8
Spellcasting   | 11 | 11.3
Hexes          | 11 | 11.3
Translocations | 18 | 18.6
Conjurations   | 2 |  2.4
Stealth        | |  1.5

Action                     |  1- 3 |  4- 6 |  7- 9 | 10-12 | 13-15 | 16-18 || total
---------------------------+-------+-------+-------+-------+-------+-------++-------
   Fire: Shortbow          |    32 |    40 |   169 |   696 |   487 |   472 ||  1896
         Arbalest          |       |       |       |       |    83 |       ||    83
 Invoke: Upheaval          |     1 |       |       |    20 |   105 |    28 ||   154
         Disaster Area     |       |       |       |     2 |     2 |     3 ||     7
  Evoke: Horn of Geryon    |       |       |       |       |     1 |       ||     1
    Use: Potion            |       |     2 |     2 |     4 |     7 |     3 ||    18
         Scroll            |       |       |       |       |     5 |       ||     5
 Armour: Robe              |     7 |       |     3 |     3 |     8 |       ||    21
         Acid dragon scale |       |       |       |       |    10 |    45 ||    55
  Dodge: Dodged            |    17 |    37 |    44 |   205 |   306 |   249 ||   858
         Repelled          |       |       |       |     2 |     8 |     4 ||    14
  Block: Other             |     2 |     5 |    26 |    57 |    37 |    50 ||   177
